 Dungeon Crawl Stone Soup version 0.32-a0-473-gd044c6f0f0 (webtiles) character file.

Game seed: 14700223163068098988

3395 Esekla the Covert (level 10, 0/68 HPs)
             Began as an Octopode Delver on Feb 25, 2024.
             Was an Initiate of Gozag.
             Slain by a tengu warrior
             ... wielding a +0 long sword
              (4 damage)
             ... on level 7 of the Dungeon.
             The game lasted 01:01:39 (8279 turns).

Esekla the Covert (Octopode Delver)                 Turns: 8279, Time: 01:01:39

Health: 0/68       AC: 11    Str: 12    XL:     10   Next: 4%
Magic:  8/16       EV: 15    Int: 16    God:    Gozag
Gold:   875        SH:  0    Dex: 14    Spells: 12/18 levels left

rFire   + . .        a - +4 double sword (elec)
rCold   . . .        (no shield)
rNeg    + . .        (helmet restricted)
rPois   .            (no amulet)
rElec   .            F - +4 ring of protection
rCorr   .            u - ring of positive energy
SInv    .            I - ring of protection from fire
Will    .....        r - ring of flight
Stlth   +++++        (no ring)
HPRegen 0.31/turn    (no ring)
MPRegen 0.15/turn    (no ring)
                     (no ring)

%: no passive effects
@: ice-armoured, flying, very slightly contaminated
A: almost no armour, amphibious, 8 rings, camouflage 1, gelatinous body 1,
(nimble swimmer 1), tentacles
a: Renounce Religion, Potion Petition, Call Merchant, Bribe Branch


You were on level 7 of the Dungeon.
You worshipped Gozag.
Gozag was pleased with you.
You visited 2 branches of the dungeon, and saw 9 of its levels.

You collected 1421 gold pieces.
You paid 546 gold pieces to Gozag.

Inventory:

Hand Weapons
 a - a +4 double sword of electrocution (weapon)
 d - a +2 spear of freezing
 s - a +1 dagger of venom
Missiles
 i - 6 boomerangs (quivered)
 t - 12 poisoned darts
 K - 4 curare-tipped darts
Magical Staves
 v - a staff of death
Jewellery
 r - a ring of flight (on tentacle)
 u - a ring of positive energy (right tentacle)
 F - a +4 ring of protection (left tentacle)
 I - a ring of protection from fire (on tentacle)
 J - an amulet of the acrobat
Wands
 f - a wand of digging (2)
 C - a wand of paralysis (22)
 H - a wand of roots (3)
Scrolls
 b - 2 scrolls of fog
 c - a scroll of noise {unknown}
 l - a scroll of blinking {unknown}
 p - 2 scrolls of vulnerability {unknown}
 q - 2 scrolls of silence {unknown}
 x - a scroll of amnesia {unknown}
 y - a scroll of teleportation {unknown}
 A - a scroll of acquirement {unknown}
 E - a scroll of enchant weapon {unknown}
Potions
 e - 2 potions of lignification
 g - 4 potions of enlightenment
 h - 3 potions of magic
 j - 2 potions of heal wounds
 k - 3 potions of curing
 m - a potion of mutation {unknown}
 n - a potion of berserk rage {unknown}
 o - a potion of invisibility
 w - a potion of cancellation
 B - 2 potions of resistance
 D - a potion of attraction {unknown}
 G - a potion of ambrosia {unknown}


   Skills:
 * Level 6.2 Fighting
 + Level 0.7(4.1) Short Blades
 + Level 6.5 Long Blades
 + Level 1.6 Throwing
 * Level 6.0 Dodging
 + Level 8.8 Stealth
 * Level 4.5 Spellcasting
 * Level 4.2 Necromancy
 * Level 4.5 Ice Magic


You had 12 spell levels left.
You knew the following spells:

 Your Spells              Type           Power      Damage    Failure   Level
a - Ozocubu's Armour      Ice            18%        N/A       8%          3
w - Fugue of the Fallen   Necr           17%        N/A       9%          3

Your spell library contained the following spells:

 Spells                   Type           Power      Damage    Failure   Level
 Manifold Assault         Tloc           3%         N/A       85%         4


Dungeon Overview and Level Annotations

Branches:
Dungeon (8/15)             Temple (1/1) D:5
   Lair: D:8-11

Altars:
Ashenzari
Cheibriados
Elyvilon
Fedhas
Gozag
Hepliaklqana
Nemelex Xobeh
Okawaru
Qazlal
Ru
Trog
Uskayaw
Wu Jian
Xom
Yredelemnul
Zin
The Shining One

Shops:
D:6 (

Annotations:
D:6 2 transporters, jasper's ghost, novice CoGl
D:7 5 runed translucent doors


Innate Abilities, Weirdness & Mutations

You cannot wear most types of armour.
You are amphibious.
You can wear up to eight rings at the same time.
Your skin changes colour to match your surroundings (Stealth+).
Your rubbery body absorbs attacks. (AC +1, EV +1)
((You are camouflaged when in or above water. (Stealth+)))
You have tentacles for arms and can constrict up to eight enemies at once.


Message History

The vampire mosquito misses you.
Okay, then.
Okay, then.
Casting: Ozocubu's Armour (dangerous; 8% risk of failure)
Confirm with . or Enter, or press ? or * to list all spells.
You miscast Ozocubu's Armour.
Nothing appears to happen.
The vampire mosquito barely misses you.
You feel much better.
Casting: Ozocubu's Armour (dangerous; 8% risk of failure)
Confirm with . or Enter, or press ? or * to list all spells.
A film of ice covers your body!
The tengu warrior hits you with a +0 long sword!
* * * LOW HITPOINT WARNING * * *
The tengu warrior pecks you but does no damage.
The tengu warrior claws you but does no damage.
You feel much better.
The tengu warrior hits you with a +0 long sword.
The tengu warrior barely misses you.
The tengu warrior claws you but does no damage.
You slash the tengu warrior! Your grab misses the tengu warrior.
You squeeze the tengu warrior, but do no damage.
The tengu warrior is lightly wounded.
The tengu warrior hits you with a +0 long sword.
The tengu warrior pecks you.
The tengu warrior claws you but does no damage.
You barely miss the tengu warrior. Your grab misses the tengu warrior.
Your squeeze misses the tengu warrior.
The tengu warrior is lightly wounded.
The tengu warrior hits you with a +0 long sword.
The tengu warrior completely misses you.
The tengu warrior claws you.
* * * LOW HITPOINT WARNING * * *
You miss the tengu warrior. You grab the tengu warrior.
The tengu warrior is lightly wounded.
You constrict the tengu warrior.
The tengu warrior hits you with a +0 long sword!
* * * LOW HITPOINT WARNING * * *
The tengu warrior pecks you.
You die...
Your body crumbles into a pile of gold.

..##########.#.#......###.#...#
..........##.#.#.......#..#####
..........##.#.#.......#..#
..........##...........#..#
..........####.#[.>.......#
#.........# #.#.....##...#
..........# #.#y....######
########### #.#Q#.###
.........#####.#@#.#
.#######.#.....#.#.# .#
#####.#.......#.#
.###.....#########.#
.........#.........#
≈≈≈≈§≈.###.#######.# .....§.#
#.# ### ≈≈≈§.≈.# #.# ...≈.≈.#
#.#


You could see a tengu warrior and a vampire mosquito.

Vanquished Creatures
  Pikel (D:5)
  Maurice (D:6)
  Eustachio (D:5)
  A steam dragon (D:7)
  A water moccasin (D:5)
  2 black bears
  An ice beast (D:7)
  A sky beast (D:7)
  An ogre (D:6)
  A centaur (D:8)
  A wolf (D:8)
  A lemure (D:5)
  2 phantoms (D:5)
  A kobold brigand (D:6)
  A bullfrog (D:5)
  3 gnoll sergeants
  2 scorpions
  2 wights (D:5)
  2 howler monkeys
  3 bombardier beetles
  2 jellies
  5 hounds
  3 orc priests
  A sleepcap (D:7)
  4 iguanas
  3 orc wizards
  6 adders
  2 shadow imps
  4 white imps
  4 ufetubi
  3 dart slugs
  4 ribbon worms
  27 orcs
  3 bats
  3 endoplasms
  2 giant cockroaches
  8 goblins
  4 hobgoblins
  6 jackals (D:2)
  13 kobolds
  7 quokkas
  5 ball pythons
  4 frilled lizards
  4 rats
156 creatures vanquished.

Notes
Turn   | Place    | Note
-------+----------+-------------------------------------------
     0 | D:5      | Esekla the Octopode Delver began the quest for the Orb.
     0 | D:5      | Reached XP level 1. HP: 16/16 MP: 1/1
     0 | D:5      | Noticed an iguana
    32 | D:5      | Noticed Eustachio
    65 | D:5      | Noticed a wight
    72 | D:5      | Noticed a gnoll sergeant
    73 | D:5      | Noticed a wight
    74 | D:5      | Noticed a quasit
    75 | D:5      | Noticed a gnoll sergeant
    81 | D:5      | Found a staircase to the Ecumenical Temple.
   100 | Temple   | Entered the Ecumenical Temple
   112 | Temple   | Became a worshipper of Gozag Ym Sagoz the Greedy
   187 | D:4      | Noticed an iguana
   322 | D:4      | Reached XP level 2. HP: 21/21 MP: 2/2
   438 | D:4      | Reached skill level 7 in Stealth
   473 | D:4      | Identified the +2 leather armour of Fedhas's Generosity
                  | {Int+4}
   510 | D:3      | Identified the +1 ring mail of Quantum Leap {rC+ Regen+
                  | Slay+3}
   568 | D:3      | Noticed a bombardier beetle
   627 | D:1      | Reached XP level 3. HP: 26/26 MP: 3/3
  1780 | D:2      | Found a faded altar of an unknown god.
  1831 | D:2      | Reached skill level 1 in Spellcasting
  1835 | D:2      | Reached XP level 4. HP: 24/31 MP: 5/5
  2371 | D:3      | Learned a level 3 spell: Ozocubu's Armour
  2688 | D:3      | Reached XP level 5. HP: 31/36 MP: 6/6
  3604 | D:5      | Noticed a black bear
  3621 | D:5      | Noticed a yak
  3734 | D:5      | Noticed Pikel
  3802 | D:4      | Reached skill level 8 in Stealth
  3802 | D:4      | Reached skill level 1 in Ice Magic
  3971 | D:5      | Noticed a phantom
  3975 | D:5      | Reached XP level 6. HP: 42/42 MP: 8/8
  3990 | D:5      | Noticed a water moccasin
  4172 | D:5      | Killed a black bear
  4243 | D:5      | Killed a water moccasin
  4244 | D:5      | Reached XP level 7. HP: 23/48 MP: 5/10
  4262 | D:5      | Learned a level 3 spell: Fugue of the Fallen
  4781 | D:5      | Killed Eustachio
  4782 | D:5      | Reached skill level 1 in Necromancy
  4782 | D:5      | Reached XP level 8. HP: 42/54 MP: 10/12
  5438 | D:6      | Reached skill level 5 in Long Blades
  5504 | D:6      | Reached skill level 5 in Fighting
  5988 | D:6      | Reached skill level 5 in Dodging
  6063 | D:6      | Found a transporter.
  6064 | D:6      | Noticed jasper's ghost (novice CoGl)
  6067 | D:6      | Found a transporter.
  6069 | D:6      | Identified the +7 dire flail of Burning Dismemberment
                  | {vamp, ^Contam rN+ Int+3}
  6069 | D:6      | Identified the +5 dire flail of Severance {flame, rElec rN+
                  | Will+++ Str-4}
  6069 | D:6      | Noticed a two-headed ogre
  6266 | D:6      | Reached skill level 1 in Throwing
  6266 | D:6      | Reached XP level 9. HP: 61/61 MP: 10/14
  6514 | D:7      | Noticed Maurice
  6516 | D:7      | Found a glowing silver altar of Zin.
  6518 | D:7      | Paralysed by Maurice for 3 turns
  6525 | D:7      | Paralysed by something for 2 turns
  6527 | D:7      | Something stole a +0 dagger
  6597 | D:5      | Killed Pikel
  6834 | D:6      | Maurice stole 12 poisoned darts
  6839 | D:6      | Something stole 651 gold
  6840 | D:6      | Killed Maurice
  6962 | D:7      | Found the +9 staff of Olgreb {rPois∞}
  6978 | D:7      | Identified the +0 robe of the Gastropod {rElec rN+}
  7503 | D:7      | Found an iron altar of Okawaru.
  7529 | D:7      | Found a snail-covered altar of Cheibriados.
  7621 | D:7      | Found a runed translucent door.
  7626 | D:7      | Found a runed translucent gate.
  7626 | D:7      | Found a runed translucent gate.
  7627 | D:7      | Found a runed translucent door.
  7638 | D:7      | Found a runed translucent gate.
  7792 | D:8      | Noticed a tengu warrior
  7792 | D:8      | Noticed a centaur warrior
  7799 | D:8      | Noticed a two-headed ogre
  7907 | D:8      | Reached XP level 10. HP: 58/68 MP: 16/16
  8265 | D:8      | Noticed a boulder beetle
  8279 | D:7      | Slain by a tengu warrior

Illustrated notes

Levels and vault maps discovered:
D:1:      minmay_arrival_split_and_join, layout_basic, serial_curves,
          eino_curves_04, eino_curves_01, nicolae_concentric_dashed_squares_mild
D:2:      layout_loops_corners, ebering_ecumenical_altar_mist, serial_aquarium,
          aquarium_bridge_long_joined [aquarium_subvault_wall,
          aquarium_subvault_wall, aquarium_subvault_wall,
          aquarium_subvault_window, aquarium_subvault_bridge,
          aquarium_subvault_wall], aquarium_window_1, aquarium_window_fake,
          aquarium_window_fake, aquarium_view_2b
D:3:      layout_basic
D:4:      layout_basic, supply_closet_lemuel, minmay_misc_feat_columns,
          minmay_gold_behind_fungi
D:5:      minmay_recursive_quarters, layout_basic,
          minmay_temple_entry_sparse_star, sword_in_stone, uniq_pikel
D:6:      layout_cave_pools, gammafunk_ghost_smash, kennysheep_generic_room_16
D:7:      layout_basic, mainiacjoe_overflow_concentric_impassable,
          hangedman_feature_mirror, minivault_27,
          minmay_guarded_unrand_staff_of_olgreb, uniq_maurice
D:8:      minmay_bloctagon_deflated, layout_basic,
          nicolae_kikubaaqudgha_miasma_corner, grunt_temple_overflow_open,
          erik_lair_orcish_takeover
Temple:   nicolae_temple_bog_church

Skill      XL: |  1  2  3  4  5  6  7  8  9 |
---------------+----------------------------+-----
Stealth        | 7 8 |  8.8
Spellcasting   | 1 2 3 4 |  4.5
Dodging        | 3 4 5 6 |  6.0
Ice Magic      | 1 2 3 4 |  4.5
Long Blades    | 3 4 5 6 |  6.5
Fighting       | 4 5 6 |  6.2
Necromancy     | 1 2 4 |  4.2
Throwing       | 1 |  1.6
Short Blades   | |  0.7

Action                     |  1- 3 |  4- 6 |  7- 9 | 10-12 || total
---------------------------+-------+-------+-------+-------++-------
  Melee: Falchion          |    59 |   102 |    69 |       ||   230
         Constrict         |    17 |    29 |    40 |     1 ||    87
         Tentacles         |    14 |    30 |    44 |     1 ||    89
         Dagger            |    11 |    10 |    11 |     2 ||    34
         Double sword      |       |       |   111 |     3 ||   114
  Throw: Boomerang         |       |       |    26 |       ||    26
         Dart              |       |       |     2 |       ||     2
   Cast: Ozocubu's Armour  |       |     4 |    19 |     1 ||    24
         Fugue of the Fall |       |       |     3 |       ||     3
 Invoke: Call Merchant     |       |       |     1 |       ||     1
  Evoke: Wand              |       |       |     2 |       ||     2
    Use: Scroll            |     1 |     7 |     2 |     1 ||    11
         Potion            |     1 |     1 |     1 |     3 ||     6
   Stab: Sleeping          |    22 |     9 |     7 |     2 ||    40
         Distracted        |       |       |     1 |       ||     1
         Paralysed         |       |       |     1 |       ||     1
 Armour: Skin              |    22 |    48 |   145 |    31 ||   246
  Dodge: Dodged            |    33 |    89 |   148 |    17 ||   287

Table legend: (Time is in decaauts)
 A = Elapsed time spent in this place.
 B = Non-inter-level travel time spent in this place.
 C = Inter-level travel time spent in this place.
 D = Time resting spent in this place.
 E = Time spent auto-exploring this place.
 F = Levels seen in this place.
 G = Mean time per level.
                   A        B        C        D        E       F      G
               +--------+--------+--------+--------+--------+-----+--------+
         Total |   8279 |   8077 |    202 |   1481 |   2290 |   9 |  919.9 |
       Dungeon |   8262 |   8068 |    194 |   1481 |   2290 |   8 | 1032.8 |
        Temple |     16 |      8 |      8 |      0 |      0 |   1 |   16.0 |
               +--------+--------+--------+--------+--------+-----+--------+

Top non-repeatable levels by time:
     D:5: 2351 daAuts
     D:7: 1067 daAuts
     D:2: 1060 daAuts
     D:4: 937 daAuts
     D:3: 901 daAuts
     D:6: 863 daAuts
     D:1: 721 daAuts
     D:8: 358 daAuts
  Temple: 16 daAuts
